[Event "55th Rubinstein Memorial-B 2019"]
[Site "Polanica-Zdroj"]
[Date "2019.08.21"]
[Round "5.2"]
[White "Shilov, Sergej"]
[Black "Galyga, Jozef"]
[Result "1-0"]
[ECO "C10"]
[WhiteElo "2129"]
[BlackElo "1754"]
[Annotator "NA"]
[PlyCount "85"]
[EventDate "2019.08.17"]
[EventType "swiss"]
[EventCountry "POL"]
[SourceTitle "playchess.com"]
[Source "ChessBase"]
[SourceQuality "1"]
[TimeControl "40/5400+30:1800+30"]

1. e4 e6 2. d4 d5 3. Nc3 dxe4 4. Nxe4 Bd7 5. Nf3 Bc6 6. Bd3 Nf6 7. Nxf6+ Qxf6 8. Bg5 Bxf3 9. Qd2 Bxg2 10. Bxf6 Bxh1 11. Be5 Nd7 12. Bxc7 Rc8 13. Bf4 Bd5 14. Qe2 Bb4+ 15. c3 Be7 16. c4 Bc6 17. d5 exd5 18. Bd6 O-O 19. Bxe7 Rfe8 20. cxd5 Bxd5 21. Kd2 Be6 22. Qh5 g6 23. Qh4 Ne5 24. Be2 Bc4 25. f4 Nc6 26. Bxc4 Nxe7 27. Re1 Red8+ 28. Bd3 Nf5 29. Qf2 Rc6 30. Rd1 a6 31. Ke2 Re6+ 32. Kf3 Red6 33. Qf1 h5 34. Be2 Nd4+ 35. Rxd4 Rxd4 36. Qc1 Rd2 37. Qc3 R2d4 38. Ke3 R4d6 39. Bc4 Re8+ 40. Kf3 Rc6 41. Qb3 Rc7 42. Qd3 Rec8 43. Qxg6+ 1-0

[Event "55th Rubinstein Memorial-B 2019"]
[Site "Polanica-Zdroj"]
[Date "2019.08.21"]
[Round "5.3"]
[White "Idesis, Yaacov"]
[Black "Marusenko, Petr"]
[Result "1/2-1/2"]
[ECO "A11"]
[WhiteElo "1856"]
[BlackElo "2124"]
[Annotator "NA"]
[PlyCount "61"]
[EventDate "2019.08.17"]
[EventType "swiss"]
[EventCountry "POL"]
[SourceTitle "playchess.com"]
[Source "ChessBase"]
[SourceQuality "1"]
[TimeControl "40/5400+30:1800+30"]

1. c4 c6 2. Nc3 d5 3. cxd5 cxd5 4. d4 Nf6 5. Nf3 Nc6 6. a3 e6 7. g3 Be7 8. Bg2 O-O 9. O-O b6 10. b4 Bb7 11. e3 Rc8 12. Bb2 Ne8 13. Rc1 Nd6 14. Nd2 f5 15. Qe2 g5 16. f4 g4 17. Rfd1 Qe8 18. Qf2 h5 19. Bf1 h4 20. Nb5 Qh5 21. Nxd6 Bxd6 22. Rc2 Rc7 23. Rdc1 hxg3 24. Qxg3 Rfc8 25. b5 Ne7 26. Rxc7 Rxc7 27. Rxc7 Bxc7 28. Nb3 Ng6 29. Nc1 Bd8 30. Nd3 Bh4 31. Qg2 1/2-1/2

[Event "55th Rubinstein Memorial-B 2019"]
[Site "Polanica-Zdroj"]
[Date "2019.08.21"]
[Round "5.4"]
[White "Klimaszewski, Dariusz"]
[Black "Wasylkiewicz, Andrzej"]
[Result "1-0"]
[ECO "B01"]
[WhiteElo "2152"]
[BlackElo "1752"]
[Annotator "NA"]
[PlyCount "61"]
[EventDate "2019.08.17"]
[EventType "swiss"]
[EventCountry "POL"]
[SourceTitle "playchess.com"]
[Source "ChessBase"]
[SourceQuality "1"]
[TimeControl "40/5400+30:1800+30"]

1. e4 d5 2. exd5 Nf6 3. d4 Bg4 4. f3 Bf5 5. Bb5+ Nbd7 6. c4 a6 7. Bxd7+ Qxd7 8. Nc3 O-O-O 9. Nge2 e6 10. O-O exd5 11. c5 h6 12. b4 g5 13. a4 c6 14. Be3 Qe7 15. Bf2 Bg7 16. b5 Kd7 17. Ng3 Be6 18. Re1 Qf8 19. bxa6 bxa6 20. Qd3 Ra8 21. Rab1 Qc8 22. a5 Ne8 23. Na4 Ke7 24. Nb6 Qd8 25. Nxa8 Qxa8 26. Rb6 Nc7 27. Nf5+ Kf8 28. Nxg7 Kxg7 29. Bg3 Rc8 30. Be5+ Kg8 31. h4 1-0

[Event "55th Rubinstein Memorial-B 2019"]
[Site "Polanica-Zdroj"]
[Date "2019.08.21"]
[Round "5.5"]
[White "Kozlowski, Janusz"]
[Black "Kwiecien, Zbigniew"]
[Result "0-1"]
[ECO "C06"]
[WhiteElo "1781"]
[BlackElo "2024"]
[Annotator "NA"]
[PlyCount "74"]
[EventDate "2019.08.17"]
[EventType "swiss"]
[EventCountry "POL"]
[SourceTitle "playchess.com"]
[Source "ChessBase"]
[SourceQuality "1"]
[TimeControl "40/5400+30:1800+30"]

1. e4 e6 2. d4 d5 3. Nd2 Nf6 4. e5 Nfd7 5. Bd3 c5 6. c3 Nc6 7. Ne2 cxd4 8. cxd4 f6 9. f4 fxe5 10. dxe5 Bc5 11. Nb3 Bb6 12. Nc3 Qh4+ 13. g3 Qh3 14. Qf3 O-O 15. Qf1 Qh5 16. Qe2 Qh3 17. Qf1 Qg4 18. Qe2 Qxe2+ 19. Kxe2 Ndxe5 20. fxe5 Rf2+ 21. Kd1 Nxe5 22. Be2 Bd7 23. Bd2 Bc6 24. Rf1 Raf8 25. Rxf2 Rxf2 26. h4 d4 27. Bf4 Ng6 28. Nb5 Nxf4 29. gxf4 Rxf4 30. Bc4 Rxh4 31. Bxe6+ Kf8 32. Bc4 a6 33. Nd6 Rh2 34. Nf5 Be4 35. Ng3 Bc2+ 36. Kc1 d3 37. Nd2 Be3 0-1

[Event "55th Rubinstein Memorial-B 2019"]
[Site "Polanica-Zdroj"]
[Date "2019.08.21"]
[Round "5.6"]
[White "Dembowski, Andrzej"]
[Black "Drazek, Wladyslaw"]
[Result "1/2-1/2"]
[ECO "A22"]
[WhiteElo "1840"]
[BlackElo "1864"]
[Annotator "NA"]
[PlyCount "70"]
[EventDate "2019.08.17"]
[EventType "swiss"]
[EventCountry "POL"]
[SourceTitle "playchess.com"]
[Source "ChessBase"]
[SourceQuality "1"]
[TimeControl "40/5400+30:1800+30"]

1. c4 e5 2. Nc3 Nf6 3. e4 Nc6 4. d3 Bc5 5. h3 d6 6. Nf3 h6 7. a3 O-O 8. Na4 Bd4 9. Nxd4 Nxd4 10. Nc3 a5 11. Be3 c5 12. a4 Bd7 13. Bxd4 cxd4 14. Nb5 Bxb5 15. axb5 Nd7 16. Be2 Nc5 17. b3 b6 18. O-O Qg5 19. g3 Ne6 20. Bg4 g6 21. Bxe6 fxe6 22. h4 Qe7 23. Qg4 Kg7 24. h5 Rf6 25. f4 exf4 26. gxf4 Kh7 27. Ra2 Qf7 28. Rg2 g5 29. f5 e5 30. Ra1 Qb7 31. Rga2 Rff8 32. Rf1 Qc8 33. Rfa1 Qc5 34. Ra4 Rac8 35. Kh2 Rf6 1/2-1/2

[Event "55th Rubinstein Memorial-B 2019"]
[Site "Polanica-Zdroj"]
[Date "2019.08.22"]
[Round "6.1"]
[White "Kwiecien, Zbigniew"]
[Black "Marszk, Kazimierz"]
[Result "1-0"]
[ECO "C70"]
[WhiteElo "2024"]
[BlackElo "1829"]
[Annotator "NA"]
[PlyCount "121"]
[EventDate "2019.08.17"]
[EventType "swiss"]
[EventCountry "POL"]
[SourceTitle "playchess.com"]
[Source "ChessBase"]
[SourceQuality "1"]
[TimeControl "40/5400+30:1800+30"]

1. e4 e5 2. Nf3 Nc6 3. Bb5 a6 4. Ba4 Be7 5. O-O b5 6. Bb3 Nf6 7. d3 d6 8. h3 O-O 9. Nc3 Bb7 10. a4 b4 11. Ne2 Qd7 12. Bg5 h6 13. Bxf6 Bxf6 14. g4 Ne7 15. Ng3 Ng6 16. Nh5 Be7 17. Nh2 Bg5 18. Nf3 Nf4 19. Nxf4 Bxf4 20. Nh4 Qe7 21. Ng6 Qg5 22. Nxf8 Rxf8 23. Kg2 h5 24. Rh1 g6 25. f3 h4 26. c3 bxc3 27. bxc3 Bd2 28. Ra2 Bxc3 29. Qc1 Qxc1 30. Rxc1 Ba5 31. g5 c5 32. Bc4 Bb4 33. Rf1 a5 34. f4 exf4 35. Rxf4 Be1 36. Rf6 Bg3 37. Rxg6+ Kh7 38. Rf6 Kg7 39. Rf3 Kg6 40. Rb2 Bc8 41. Rb5 Bd7 42. Rxa5 Rb8 43. Bb5 Be6 44. Rxg3 hxg3 45. Kxg3 Kxg5 46. h4+ Kf6 47. Ra7 Rg8+ 48. Kf3 Rh8 49. a5 Rxh4 50. a6 Rh3+ 51. Kg2 Re3 52. Kf2 Rh3 53. Rc7 Rh2+ 54. Kg1 Ra2 55. a7 d5 56. Bc6 c4 57. dxc4 d4 58. a8=Q Rxa8 59. Bxa8 d3 60. Kf2 Bg4 61. Ke3 1-0

[Event "55th Rubinstein Memorial-B 2019"]
[Site "Polanica-Zdroj"]
[Date "2019.08.22"]
[Round "6.2"]
[White "Janocha, Wieslaw"]
[Black "Klimaszewski, Dariusz"]
[Result "1/2-1/2"]
[ECO "B33"]
[WhiteElo "2264"]
[BlackElo "2152"]
[Annotator "NA"]
[PlyCount "98"]
[EventDate "2019.08.17"]
[EventType "swiss"]
[EventCountry "POL"]
[SourceTitle "playchess.com"]
[Source "ChessBase"]
[SourceQuality "1"]
[TimeControl "40/5400+30:1800+30"]

1. e4 c5 2. Nf3 Nc6 3. d4 cxd4 4. Nxd4 Nf6 5. Nc3 e6 6. Nxc6 bxc6 7. e5 Nd5 8. Ne4 Qc7 9. f4 Qb6 10. c4 Bb4+ 11. Ke2 Ba6 12. Kf3 f5 13. Nf2 Nc7 14. Be3 Bc5 15. Bxc5 Qxc5 16. Qd6 Qb6 17. b3 c5 18. Ke3 Bb7 19. Rd1 Qxd6 20. Rxd6 Ke7 21. Nd3 Na6 22. Be2 Rac8 23. Bf3 Bc6 24. Rg1 h5 25. Rd1 Bxf3 26. Kxf3 Nb8 27. h4 Rc7 28. Rd2 Rhc8 29. Nb2 Rc6 30. Na4 R8c7 31. Ke2 Ke8 32. R6d3 Kf7 33. Nc3 a6 34. Na4 Ke8 35. Kd1 g6 36. Kc2 Kf7 37. Kc3 Ke8 38. a3 Rb7 39. Rd6 Rcc7 40. R2d3 Kf7 41. Rb6 Rxb6 42. Nxb6 Ke7 43. Na4 Rc6 44. Rd2 a5 45. Rd3 Na6 46. Rg3 Kf7 47. Rd3 Ke7 48. Rg3 Kf7 49. Rd3 Ke7 1/2-1/2

[Event "55th Rubinstein Memorial-B 2019"]
[Site "Polanica-Zdroj"]
[Date "2019.08.22"]
[Round "6.3"]
[White "Marusenko, Petr"]
[Black "Shilov, Sergej"]
[Result "1/2-1/2"]
[ECO "B30"]
[WhiteElo "2124"]
[BlackElo "2129"]
[Annotator "NA"]
[PlyCount "74"]
[EventDate "2019.08.17"]
[EventType "swiss"]
[EventCountry "POL"]
[SourceTitle "playchess.com"]
[Source "ChessBase"]
[SourceQuality "1"]
[TimeControl "40/5400+30:1800+30"]

1. e4 c5 2. Nf3 Nc6 3. Bb5 Na5 4. c3 a6 5. Ba4 b5 6. Bc2 d5 7. e5 Bg4 8. h3 Bxf3 9. Qxf3 e6 10. O-O Nc6 11. Qe2 Qc7 12. f4 c4 13. d4 cxd3 14. Bxd3 Bc5+ 15. Be3 Bxe3+ 16. Qxe3 Nge7 17. a4 b4 18. Nd2 Qa7 19. Qxa7 Rxa7 20. Rac1 O-O 21. Nb3 bxc3 22. bxc3 Rc8 23. Rb1 g6 24. g4 g5 25. Rbe1 gxf4 26. Rxf4 Ng6 27. Bxg6 hxg6 28. c4 Nb4 29. Re3 Rxc4 30. Rf1 Nc2 31. Re2 Rb7 32. Na5 Nd4 33. Re3 Rb2 34. Nxc4 dxc4 35. Rf2 Rb1+ 36. Rf1 Rb2 37. Rf2 Rb1+ 1/2-1/2

[Event "55th Rubinstein Memorial-B 2019"]
[Site "Polanica-Zdroj"]
[Date "2019.08.22"]
[Round "6.4"]
[White "Fainberg, Boris"]
[Black "Idesis, Yaacov"]
[Result "1-0"]
[ECO "D45"]
[WhiteElo "2030"]
[BlackElo "1856"]
[Annotator "NA"]
[PlyCount "67"]
[EventDate "2019.08.17"]
[EventType "swiss"]
[EventCountry "POL"]
[SourceTitle "playchess.com"]
[Source "ChessBase"]
[SourceQuality "1"]
[TimeControl "40/5400+30:1800+30"]

1. c4 c6 2. d4 d5 3. Nc3 Nf6 4. e3 e6 5. Nf3 Be7 6. Bd3 O-O 7. O-O a6 8. e4 dxc4 9. Bxc4 b5 10. Bd3 Bb7 11. e5 Nd5 12. Nxd5 Qxd5 13. Qc2 g6 14. Be4 Qd7 15. h4 c5 16. dxc5 Bxe4 17. Qxe4 Nc6 18. Bg5 Rac8 19. Rfd1 Qc7 20. b4 a5 21. a3 Rfd8 22. Rd6 Rd7 23. Rad1 Bxd6 24. cxd6 Qb8 25. Bf6 h6 26. Qf4 Kh7 27. Ng5+ Kg8 28. Nxe6 Kh7 29. Nc5 Ra7 30. d7 Rf8 31. h5 Nd8 32. Rd3 axb4 33. hxg6+ fxg6 34. Qxh6+ 1-0

[Event "55th Rubinstein Memorial-B 2019"]
[Site "Polanica-Zdroj"]
[Date "2019.08.22"]
[Round "6.5"]
[White "Meizlin, Yaacov"]
[Black "Dembowski, Andrzej"]
[Result "1-0"]
[ECO "B10"]
[WhiteElo "2027"]
[BlackElo "1840"]
[Annotator "NA"]
[PlyCount "107"]
[EventDate "2019.08.17"]
[EventType "swiss"]
[EventCountry "POL"]
[SourceTitle "playchess.com"]
[Source "ChessBase"]
[SourceQuality "1"]
[TimeControl "40/5400+30:1800+30"]

1. e4 c6 2. Nc3 g6 3. d4 Bg7 4. Be3 d6 5. Qd2 Nd7 6. f3 b5 7. d5 cxd5 8. Qxd5 Rb8 9. Bxb5 Ngf6 10. Qd2 a6 11. Bxd7+ Bxd7 12. Nd1 O-O 13. Ne2 Qc7 14. O-O Rfc8 15. Rc1 Be6 16. b3 d5 17. e5 Nd7 18. f4 Nc5 19. Nd4 Bd7 20. Nf2 e6 21. c4 Qb7 22. cxd5 Qxd5 23. Nf3 Qxd2 24. Nxd2 Bf8 25. Rc3 Nb7 26. Rfc1 Rxc3 27. Rxc3 Rc8 28. Rxc8 Bxc8 29. Nfe4 Kg7 30. Bb6 Bd7 31. Kf2 Be7 32. Ke3 Nd8 33. g4 h6 34. Nf6 Bc6 35. Nde4 Nb7 36. g5 h5 37. Kd4 Ba3 38. Nd2 a5 39. Nfe4 Bc1 40. h3 Bxe4 41. Nxe4 Bxf4 42. Bc7 Kf8 43. Kc4 Ke7 44. Kb5 Kd7 45. Kb6 Kc8 46. a4 Be3+ 47. Kc6 Nd8+ 48. Bxd8 Kxd8 49. Kb5 Bd4 50. Kxa5 Bxe5 51. Kb6 Kd7 52. b4 Bd4+ 53. Kb7 e5 54. a5 1-0

[Event "55th Rubinstein Memorial-B 2019"]
[Site "Polanica-Zdroj"]
[Date "2019.08.22"]
[Round "6.6"]
[White "Drazek, Wladyslaw"]
[Black "Margovsky, Naum"]
[Result "0-1"]
[ECO "D03"]
[WhiteElo "1864"]
[BlackElo "2002"]
[Annotator "NA"]
[PlyCount "56"]
[EventDate "2019.08.17"]
[EventType "swiss"]
[EventCountry "POL"]
[SourceTitle "playchess.com"]
[Source "ChessBase"]
[SourceQuality "1"]
[TimeControl "40/5400+30:1800+30"]

1. d4 d5 2. Nf3 Nf6 3. Bg5 c6 4. e3 Bg4 5. c3 Nbd7 6. Nbd2 Ne4 7. Bf4 e6 8. h3 Bh5 9. Qc2 f5 10. Bd3 Be7 11. Ne5 O-O 12. g4 Nxe5 13. gxh5 Nxd3+ 14. Qxd3 Bh4 15. Nxe4 fxe4 16. Qe2 Bg5 17. Bg3 Rf3 18. O-O-O Qe8 19. Kb1 Qxh5 20. h4 Bf6 21. Bf4 e5 22. dxe5 Bxe5 23. Bxe5 Qxe5 24. Rdg1 Raf8 25. Rg2 Qf5 26. Rhh2 Rh3 27. h5 Qf3 28. Qd2 Qxh5 0-1

[Event "55th Rubinstein Memorial-B 2019"]
[Site "Polanica-Zdroj"]
[Date "2019.08.23"]
[Round "7.1"]
[White "Shilov, Sergej"]
[Black "Kwiecien, Zbigniew"]
[Result "1-0"]
[ECO "C10"]
[WhiteElo "2129"]
[BlackElo "2024"]
[Annotator "NA"]
[PlyCount "35"]
[EventDate "2019.08.17"]
[EventType "swiss"]
[EventCountry "POL"]
[SourceTitle "playchess.com"]
[Source "ChessBase"]
[SourceQuality "1"]
[TimeControl "40/5400+30:1800+30"]

1. e4 e6 2. d4 d5 3. Nc3 a6 4. Nf3 Ne7 5. Bd3 g6 6. Bg5 Bg7 7. Qd2 h6 8. Bf4 g5 9. Be5 f6 10. Bg3 dxe4 11. Nxe4 f5 12. Nexg5 hxg5 13. Qxg5 Bh6 14. Qf6 Rh7 15. Ne5 Qxd4 16. Rd1 Qb6 17. Be2 Bf8 18. Bh5+ {[%emt 0:00:16] Ng8 Ra1+ Rh8} 1-0

[Event "55th Rubinstein Memorial-B 2019"]
[Site "Polanica-Zdroj"]
[Date "2019.08.23"]
[Round "7.2"]
[White "Margovsky, Naum"]
[Black "Janocha, Wieslaw"]
[Result "1-0"]
[ECO "D15"]
[WhiteElo "2002"]
[BlackElo "2264"]
[Annotator "NA"]
[PlyCount "75"]
[EventDate "2019.08.17"]
[EventType "swiss"]
[EventCountry "POL"]
[SourceTitle "playchess.com"]
[Source "ChessBase"]
[SourceQuality "1"]
[TimeControl "40/5400+30:1800+30"]

1. d4 d5 2. c4 c6 3. Nf3 Nf6 4. Nc3 dxc4 5. e3 b5 6. a4 b4 7. Na2 a5 8. Bxc4 e6 9. O-O Be7 10. Bd2 O-O 11. Nc1 c5 12. dxc5 Bxc5 13. Nb3 Bb6 14. Qe2 Bb7 15. Rfd1 Qe7 16. Rac1 Nbd7 17. Bb5 Rfc8 18. Be1 Bd5 19. Nbd2 Nc5 20. Nc4 Bd8 21. Nd4 e5 22. Nf5 Qe6 23. Nfd6 Nb3 24. Rc2 Rcb8 25. f3 e4 26. Bh4 exf3 27. gxf3 Qh3 28. e4 Qxh4 29. exd5 Nd4 30. Qg2 g6 31. Rcd2 Nxb5 32. axb5 Nh5 33. Qg4 Qf6 34. Re1 a4 35. Ne4 Qh4 36. Nf2 Rxb5 37. Re8+ Kg7 38. Qxh4 1-0

[Event "55th Rubinstein Memorial-B 2019"]
[Site "Polanica-Zdroj"]
[Date "2019.08.23"]
[Round "7.3"]
[White "Klimaszewski, Dariusz"]
[Black "Czuchnicki, Jan"]
[Result "1-0"]
[ECO "B40"]
[WhiteElo "2152"]
[BlackElo "1849"]
[Annotator "NA"]
[PlyCount "69"]
[EventDate "2019.08.17"]
[EventType "swiss"]
[EventCountry "POL"]
[SourceTitle "playchess.com"]
[Source "ChessBase"]
[SourceQuality "1"]
[TimeControl "40/5400+30:1800+30"]

1. e4 c5 2. Nf3 e6 3. d3 g6 4. g3 Bg7 5. Bg2 Nc6 6. O-O Nge7 7. Nbd2 O-O 8. Re1 d6 9. Nf1 Rb8 10. a4 a6 11. c3 b5 12. axb5 axb5 13. d4 cxd4 14. cxd4 d5 15. e5 Qb6 16. Ne3 h5 17. b3 Bb7 18. Bb2 Ra8 19. Qd2 Bh6 20. b4 Kh7 21. Bc3 Rxa1 22. Rxa1 Ra8 23. Rxa8 Bxa8 24. Bf1 Bb7 25. Qd3 Ba6 26. Nc2 Nc8 27. Nd2 N8a7 28. Nb3 Qd8 29. Nc5 Bc8 30. Na3 f6 31. Nxb5 fxe5 32. Nxa7 Nxa7 33. dxe5 Bf8 34. Ne4 Qc7 35. Nf6+ 1-0

[Event "55th Rubinstein Memorial-B 2019"]
[Site "Polanica-Zdroj"]
[Date "2019.08.23"]
[Round "7.4"]
[White "Marszk, Kazimierz"]
[Black "Fainberg, Boris"]
[Result "0-1"]
[ECO "C01"]
[WhiteElo "1829"]
[BlackElo "2030"]
[Annotator "NA"]
[PlyCount "80"]
[EventDate "2019.08.17"]
[EventType "swiss"]
[EventCountry "POL"]
[SourceTitle "playchess.com"]
[Source "ChessBase"]
[SourceQuality "1"]
[TimeControl "40/5400+30:1800+30"]

1. e4 e6 2. d4 d5 3. exd5 exd5 4. Bd3 c5 5. dxc5 Bxc5 6. Nf3 Nf6 7. O-O O-O 8. h3 Nc6 9. c3 Qd6 10. Kh1 Ne4 11. Ng5 f5 12. Bxe4 fxe4 13. b4 Bb6 14. Nxe4 Qe5 15. Nc5 Nxb4 16. f4 Qf6 17. cxb4 Qxa1 18. Qxd5+ Kh8 19. Nd2 Qf6 20. Nf3 Bxc5 21. Qxc5 Bf5 22. Ne5 b6 23. Qf2 Rac8 24. a3 Rfd8 25. Qe3 Qe6 26. g4 Qd5+ 27. Kg1 Rc2 28. Rf2 Rxf2 29. Kxf2 Be6 30. f5 Bg8 31. Kg3 Qd4 32. Kf2 Bb3 33. Nc6 Qxe3+ 34. Bxe3 Rd7 35. Kg3 Kg8 36. g5 Rc7 37. b5 Ba4 38. Nd4 Rc5 39. Kf4 Bxb5 40. h4 Be8 0-1

[Event "55th Rubinstein Memorial-B 2019"]
[Site "Polanica-Zdroj"]
[Date "2019.08.23"]
[Round "7.5"]
[White "Meizlin, Yaacov"]
[Black "Wasylkiewicz, Andrzej"]
[Result "1-0"]
[ECO "B01"]
[WhiteElo "2027"]
[BlackElo "1752"]
[Annotator "NA"]
[PlyCount "73"]
[EventDate "2019.08.17"]
[EventType "swiss"]
[EventCountry "POL"]
[SourceTitle "playchess.com"]
[Source "ChessBase"]
[SourceQuality "1"]
[TimeControl "40/5400+30:1800+30"]

1. e4 d5 2. exd5 Nf6 3. d4 Bg4 4. f3 Bf5 5. Bb5+ Nbd7 6. c4 a6 7. Bxd7+ Qxd7 8. Nc3 e6 9. g4 Bg6 10. dxe6 fxe6 11. Qa4 c6 12. Be3 Be7 13. Nge2 O-O 14. O-O Qc7 15. Nf4 Bf7 16. Nd3 Bd6 17. Rf2 Rad8 18. c5 Be7 19. Ne5 Be8 20. Qc2 Nd7 21. f4 Nxe5 22. dxe5 Qa5 23. Qa4 Qxa4 24. Nxa4 Rd3 25. Re2 Bg6 26. Kf2 Be4 27. Rd2 g5 28. Rxd3 Bxd3 29. Kg3 gxf4+ 30. Bxf4 Bb5 31. Nb6 Bxc5 32. Nd7 Bf2+ 33. Kf3 Be2+ 34. Kxf2 Rxf4+ 35. Kxe2 Kg7 36. Nf6 Rc4 37. Kf3 1-0

[Event "55th Rubinstein Memorial-B 2019"]
[Site "Polanica-Zdroj"]
[Date "2019.08.24"]
[Round "8.1"]
[White "Fainberg, Boris"]
[Black "Shilov, Sergej"]
[Result "0-1"]
[ECO "C63"]
[WhiteElo "2030"]
[BlackElo "2129"]
[Annotator "NA"]
[PlyCount "79"]
[EventDate "2019.08.17"]
[EventType "swiss"]
[EventCountry "POL"]
[SourceTitle "playchess.com"]
[Source "ChessBase"]
[SourceQuality "1"]
[TimeControl "40/5400+30:1800+30"]

1. e4 e5 2. Nf3 Nc6 3. Bb5 f5 4. Nc3 Nf6 5. d3 fxe4 6. dxe4 Bb4 7. Qd3 Qe7 8. Bd2 Bxc3 9. Bxc3 d6 10. O-O Nh5 11. Bd2 O-O 12. Bg5 Qe8 13. Ne1 Qg6 14. Bd2 Nd4 15. Bc4+ Kh8 16. c3 Ne6 17. Bxe6 Bxe6 18. f3 Rad8 19. Be3 Qf7 20. b3 b6 21. Rd1 Qe7 22. Qe2 c6 23. c4 d5 24. cxd5 cxd5 25. exd5 Bxd5 26. Bc1 Nf6 27. Bb2 Rfe8 28. Nd3 e4 29. fxe4 Nxe4 30. Ne5 Nf6 31. Qf2 Rf8 32. Qe3 Qb7 33. Rd2 Rfe8 34. Qf4 Qe7 35. Qh4 Kg8 36. Rdf2 Ne4 37. Qxe7 Rxe7 38. Rc2 Bb7 39. Re1 Nf6 40. Rec1 0-1

[Event "55th Rubinstein Memorial-B 2019"]
[Site "Polanica-Zdroj"]
[Date "2019.08.24"]
[Round "8.2"]
[White "Klimaszewski, Dariusz"]
[Black "Meizlin, Yaacov"]
[Result "1/2-1/2"]
[ECO "B40"]
[WhiteElo "2152"]
[BlackElo "2027"]
[Annotator "NA"]
[PlyCount "103"]
[EventDate "2019.08.17"]
[EventType "swiss"]
[EventCountry "POL"]
[SourceTitle "playchess.com"]
[Source "ChessBase"]
[SourceQuality "1"]
[TimeControl "40/5400+30:1800+30"]

1. e4 c5 2. Nf3 e6 3. d4 cxd4 4. Nxd4 Nf6 5. Nc3 Nc6 6. Ndb5 Bb4 7. a3 Bxc3+ 8. Nxc3 d5 9. exd5 Nxd5 10. Bd2 Nxc3 11. Bxc3 Qxd1+ 12. Rxd1 e5 13. Bb5 f6 14. O-O Bd7 15. f4 e4 16. Rfe1 O-O-O 17. Rxe4 Bf5 18. Rxd8+ Rxd8 19. Re2 a6 20. Bxc6 bxc6 21. Ba5 Rd5 22. Be1 Kd7 23. h3 Rd1 24. Kf2 Rc1 25. c3 Rc2 26. Rxc2 Bxc2 27. Ke3 Bb3 28. Kd4 a5 29. c4 a4 30. Bb4 h5 31. h4 Ke6 32. Bf8 Kf7 33. Bd6 Ke6 34. Kc5 g6 35. g3 f5 36. Be5 Kd7 37. Bc3 Kc7 38. Bd4 Kd7 39. Be5 Ke6 40. Kxc6 Bxc4 41. b4 axb3 42. a4 Bd3 43. a5 Be2 44. Kb7 Kd5 45. a6 Ke4 46. a7 Bc4 47. Kb6 Bd5 48. Kc5 Ba8 49. Kb4 Bd5 50. a8=Q Bxa8 51. Kxb3 Kf3 52. Bf6 1/2-1/2

[Event "55th Rubinstein Memorial-B 2019"]
[Site "Polanica-Zdroj"]
[Date "2019.08.24"]
[Round "8.3"]
[White "Margovsky, Naum"]
[Black "Marusenko, Petr"]
[Result "1-0"]
[ECO "D30"]
[WhiteElo "2002"]
[BlackElo "2124"]
[Annotator "NA"]
[PlyCount "45"]
[EventDate "2019.08.17"]
[EventType "swiss"]
[EventCountry "POL"]
[SourceTitle "playchess.com"]
[Source "ChessBase"]
[SourceQuality "1"]
[TimeControl "40/5400+30:1800+30"]

1. d4 d5 2. c4 e6 3. Nf3 c5 4. e3 Nf6 5. Nc3 Nc6 6. Be2 dxc4 7. Bxc4 a6 8. O-O b5 9. Be2 cxd4 10. exd4 Be7 11. Be3 O-O 12. Rc1 Bb7 13. Ne5 Rc8 14. Bf3 Na5 15. Bxb7 Nxb7 16. Qf3 Na5 17. Rfd1 Qd6 18. Bf4 Qb6 19. Bg5 Qb7 20. Qxb7 Nxb7 21. Bxf6 Bxf6 22. Ne4 Rfd8 23. Nc6 1-0

[Event "55th Rubinstein Memorial-B 2019"]
[Site "Polanica-Zdroj"]
[Date "2019.08.24"]
[Round "8.4"]
[White "Kwiecien, Zbigniew"]
[Black "Janocha, Wieslaw"]
[Result "0-1"]
[ECO "C56"]
[WhiteElo "2024"]
[BlackElo "2264"]
[Annotator "NA"]
[PlyCount "52"]
[EventDate "2019.08.17"]
[EventType "swiss"]
[EventCountry "POL"]
[SourceTitle "playchess.com"]
[Source "ChessBase"]
[SourceQuality "1"]
[TimeControl "40/5400+30:1800+30"]

1. e4 e5 2. Nf3 Nc6 3. d4 exd4 4. Bc4 Nf6 5. O-O Nxe4 6. Re1 d5 7. Bxd5 Qxd5 8. Nc3 Qa5 9. Nxe4 Be6 10. Bg5 h6 11. Bh4 g5 12. Nf6+ Ke7 13. b4 Qf5 14. b5 gxh4 15. bxc6 bxc6 16. Qxd4 Qxf6 17. Qc5+ Kd8 18. Qxc6 Rc8 19. Rad1+ Bd6 20. Ne5 Ke7 21. Nd7 Qf4 22. g3 hxg3 23. hxg3 Rhg8 24. Rd3 Rcd8 25. Rf3 Qd2 26. Qe4 Kxd7 0-1

[Event "55th Rubinstein Memorial-B 2019"]
[Site "Polanica-Zdroj"]
[Date "2019.08.24"]
[Round "8.5"]
[White "Drazek, Wladyslaw"]
[Black "Marszk, Kazimierz"]
[Result "1/2-1/2"]
[ECO "C70"]
[WhiteElo "1864"]
[BlackElo "1829"]
[Annotator "NA"]
[PlyCount "126"]
[EventDate "2019.08.17"]
[EventType "swiss"]
[EventCountry "POL"]
[SourceTitle "playchess.com"]
[Source "ChessBase"]
[SourceQuality "1"]
[TimeControl "40/5400+30:1800+30"]

1. e4 e5 2. Nf3 Nc6 3. Bb5 a6 4. Ba4 Be7 5. d3 b5 6. Bb3 d6 7. Nbd2 Nf6 8. a4 Bb7 9. O-O O-O 10. Re1 Na5 11. Qe2 c5 12. h3 Qd7 13. axb5 Nxb3 14. Nxb3 axb5 15. Rxa8 Rxa8 16. Nbd2 h6 17. Nf1 Kh7 18. Ng3 g6 19. Qd2 Bf8 20. Kh2 Bg7 21. Rg1 Qc7 22. Nh4 Ng8 23. Qe2 Bc8 24. Nf1 Bf6 25. Nf3 Be6 26. g4 Bg7 27. Ne3 Ne7 28. h4 d5 29. g5 h5 30. c4 bxc4 31. dxc4 dxe4 32. Nd2 Nf5 33. Nxf5 Bxf5 34. Nf1 Qd7 35. Ne3 Qd3 36. Qd1 Ra1 37. Qf1 Qxf1 38. Rxf1 f6 39. Bd2 Rxf1 40. Nxf1 Be6 41. Ne3 f5 42. Ba5 Kg8 43. Bc7 Kf7 44. Bd6 f4 45. Nd5 Bxd5 46. cxd5 c4 47. Kg2 Ke8 48. Kf1 Kd7 49. Bc5 Ke8 50. Bd6 e3 51. fxe3 fxe3 52. Ke2 e4 53. Kxe3 Bxb2 54. Kxe4 Bc3 55. Bg3 Kd7 56. Bf2 Ba5 57. Bg3 Bb6 58. Be1 Kd6 59. Bg3+ Ke7 60. Be1 Kd7 61. Ke5 c3 62. Bxc3 Bf2 63. Kf6 Kd6 1/2-1/2

[Event "55th Rubinstein Memorial-B 2019"]
[Site "Polanica-Zdroj"]
[Date "2019.08.24"]
[Round "8.6"]
[White "Idesis, Yaacov"]
[Black "Dembowski, Andrzej"]
[Result "1-0"]
[ECO "A43"]
[WhiteElo "1856"]
[BlackElo "1840"]
[Annotator "NA"]
[PlyCount "137"]
[EventDate "2019.08.17"]
[EventType "swiss"]
[EventCountry "POL"]
[SourceTitle "playchess.com"]
[Source "ChessBase"]
[SourceQuality "1"]
[TimeControl "40/5400+30:1800+30"]

1. d4 c5 2. Nf3 cxd4 3. Qxd4 d6 4. c3 Nf6 5. Qd1 g6 6. Bf4 Bg7 7. e3 O-O 8. Be2 Nbd7 9. Nbd2 Nh5 10. Bg3 a6 11. a4 Nxg3 12. hxg3 Nf6 13. a5 Re8 14. Nc4 Rb8 15. Nb6 Be6 16. Nd4 Bd7 17. O-O Qc7 18. Qc2 d5 19. Rfd1 e5 20. Nxd7 Qxd7 21. Nf3 Qc6 22. Qa4 Qc7 23. Rac1 Rbd8 24. Bf1 Ne4 25. Nd2 Nc5 26. Qa2 Qc6 27. b4 Ne6 28. Qb3 Nc7 29. c4 d4 30. b5 Qc5 31. Ne4 Qe7 32. b6 Ne6 33. c5 dxe3 34. Qxe3 Rxd1 35. Rxd1 Nd4 36. Bc4 Nc6 37. Nd6 Rf8 38. Qd2 Kh8 39. Qa2 Nd8 40. Bd5 h6 41. Qb3 f5 42. Qc4 e4 43. Qe2 Be5 44. Nc4 Bf6 45. Qd2 Kg7 46. Nd6 Be5 47. Bb3 Nc6 48. Nc4 Bd4 49. Ba4 Rd8 50. Qe2 Qxc5 51. Bxc6 bxc6 52. Rb1 Qe7 53. Ne3 Qb7 54. Nc2 c5 55. Qc4 Kf6 56. Ne3 Ke5 57. Qe2 h5 58. Kh2 Kf6 59. Nc4 Rd7 60. Qd2 g5 61. Qe2 f4 62. gxf4 gxf4 63. Kg1 f3 64. gxf3 exf3 65. Qe8 Qd5 66. Qf8+ Rf7 67. Qh6+ Ke7 68. b7 Bg7 69. Qd6+ 1-0